Map: Romanticide LE

Players

PartinG - Winner!

  • Race: Protoss Protoss
  • Spawn Location: 5:00

INnoVation

  • Race: Terran Terran
  • Spawn Location: 11:00

Event: IEM Katowice 2021

VOD

Have the link to the VOD?

Description

Time

  • Played on: Feb. 26, 2021, 11:24 a.m.
  • Length: 4:28

All games in this series

Show
View Real Time Build Order
Export as new Build Order

PartinG Protoss - Winner!

Build Orders: 1 Gate Expand 

Get SALT Encoding   

  12  0:00  Probe  
  13  0:12  Probe  
  14  0:17  Pylon  
  14  0:24  Probe  
  15  0:35  Gateway  
  15  0:36  Probe  
  16  0:48  Probe  
  17  1:08  Nexus  
  17  1:12  Assimilator  
  17  1:16  Probe  
  18  1:24  Cybernetics Core  
  18  1:28  Probe  
  19  1:35  Pylon  
  19  1:40  Probe  
  20  1:51  Warp Gate (Chrono Boost)  
  20  1:52  Probe  
  21  1:54  Gateway  
  21  1:58  Assimilator  
  21  2:01  Adept (Chrono Boost)  
  23  2:09  Probe  
  24  2:18  Gateway  
  24  2:20  Probe  
  25  2:23  Probe  
  26  2:30  Stalker  
  26  2:33  Probe  
  26  2:36  Probe  
  30  2:41  Adept  
  32  2:45  Probe  
  32  2:48  Probe  
  34  2:51  Pylon  
  34  2:57  Probe  
  35  2:59  Assimilator  
  35  3:00  Probe  
  37  3:12  Probe  
  37  3:13  Probe  
  37  3:18  Adept  
  37  3:19  Adept x2  
  44  3:25  Pylon, Probe x2  
  46  3:40  Adept x3  
  52  3:50  Probe x2  
  54  4:00  Stalker x3  
  48  4:07  Probe x2  
Show
View Real Time Build Order
Export as new Build Order

INnoVation Terran 

Build Orders: 1/1/1 

Get SALT Encoding   

  12  0:00  SCV  
  13  0:12  SCV  
  14  0:17  Supply Depot  
  14  0:24  SCV  
  15  0:38  SCV  
  15  0:40  Barracks  
  16  0:42  Refinery  
  16  0:50  SCV  
  16  0:56  Supply Depot  
  17  1:02  SCV  
  18  1:15  SCV  
  19  1:27  Marine, Orbital Command  
  20  1:44  Factory  
  20  1:52  SCV  
  21  2:05  SCV  
  22  2:09  Command Center  
  22  2:11  Marine  
  23  2:17  SCV  
  24  2:27  Hellion  
  24  2:28  Starport  
  24  2:29  Marine  
  27  2:33  SCV  
  28  2:38  Supply Depot  
  28  2:47  Marine  
  28  2:49  Hellion  
  31  3:00  SCV  
  31  3:04  Medivac, Marine  
  35  3:10  Hellion, Barracks  
  37  3:15  SCV  
  38  3:20  Orbital Command  
  38  3:26  Refinery  
  38  3:28  Barracks Reactor  
  38  3:29  SCV  
  38  3:33  Widow Mine  
  39  3:38  Barracks Tech Lab  
  38  3:41  SCV  
  38  3:46  Bunker  
  38  3:54  Hellion  
  39  3:58  Marine  
  39  4:05  SCV  
  39  4:08  SCV  

Tags
 
Add a new tag
Caveats
  • Supply blocks, unpowered buildings, or Contaminate may cause inaccurate times.
  • Supply counts are checked every 10 seconds.